 Dungeon Crawl Stone Soup version 0.22-a0-392-g5dc3fd9 (webtiles) character file.

21 Falco the Bolt Thrower (level 2, 0/26 HPs)
             Began as a Naga Hunter on May 1, 2018.
             Slain by a jackal (1 damage)
             ... on level 1 of the Dungeon.
             The game lasted 00:06:29 (381 turns).

Falco the Bolt Thrower (Naga Hunter)                 Turns: 381, Time: 00:06:30

Health: 0/26       AC:  2    Str: 14    XL:     2   Next: 87%
Magic:  2/2        EV:  9    Int: 11    God:
Gold:   24         SH:  0    Dex: 11    Spells: 1/1 levels left

rFire    . . .     SeeInvis +   b - +0 short sword
rCold    . . .     Gourm    .   (no shield)
rNeg     . . .     Faith    .   c - +0 leather armour
rPois    +         Spirit   .   (no helmet)
rElec    .         Reflect  .   (no cloak)
rCorr    .         Harm     .   (no gloves)
MR       .....                  (no barding)
Stlth    +.........             (no amulet)
HPRegen  0.08/turn              (no ring)
MPRegen  0.08/turn              (no ring)

@: very slow
A: large, see invisible, deformed body, poison resistance, slowness 2, slow
metabolism 1, spit poison 1, AC +0
a: Spit Poison


You were on level 1 of the Dungeon.
You were not hungry.

You visited 1 branch of the dungeon, and saw 1 of its levels.

You collected 24 gold pieces.

Inventory:

Hand Weapons
 a - a +1 hand crossbow
 b - a +0 short sword (weapon)
Armour
 c - a +0 leather armour (worn)
Scrolls
 e - a scroll of immolation {unknown}
 g - 2 scrolls of identify {unknown}
Comestibles
 f - a ration


   Skills:
 + Level 2.1 Fighting
 + Level 4.3 Crossbows
 + Level 1.5 Dodging
 + Level 1.5 Stealth


You had one spell level left.
You didn't know any spells.

Dungeon Overview and Level Annotations

Branches:
Dungeon (1/15)

Altars:


Innate Abilities, Weirdness & Mutations

You cannot wear boots.
Your serpentine skin is tough. (AC +0)
You have supernaturally acute eyesight. (SInv)
Armour fits poorly on your strangely shaped body.
Your system is resistant to poisons. (rPois)
You cover ground very slowly.
You have a slow metabolism.
You can spit poison.


Message History

Aim: a rat The splash of poison hits the jackal.
The jackal is poisoned.
You kill the jackal!
You feel slightly more hungry.
You hit the jackal.
You kill the jackal!
You hit the jackal but do no damage.
The jackal bites you but does no damage.
The jackal bites you.
* * * LOW HITPOINT WARNING * * *
A jackal and a kobold come into view.
The kobold shouts!
The jackal bites you.
* * * LOW HITPOINT WARNING * * *
Found a ration.
The jackal barely misses you.
A jackal comes into view.
You have got your breath back.
The jackal bites you.
You die...

###..........#
.............
..........h. #.
..........$ .
.......... ###
..%....... .h. ####.
#....K# .. ### ..#.#
#...@##.# ##.##
....##...h...#
##.#.# #.#.####r####
# ##.###.
#.....†...# .# ##.##
##
.##.###.####.#####.#
#.## # ........#
###.....# ##.## ##
....###.# #...###
#..###. .....##.#
#..)# #...#..
.....#r## #...#
#..#.##


You could see 2 jackals, a kobold and a rat.

Vanquished Creatures
  A dart slug (D:1)
  A giant cockroach (D:1)
  2 goblins (D:1)
  9 jackals (D:1)
  2 frilled lizards (D:1)
  2 rats (D:1)
  A toadstool (D:1)
18 creatures vanquished.

Vanquished Creatures (others)
  3 toadstools (D:1)
3 creatures vanquished.

Grand Total: 21 creatures vanquished

Notes
Turn   | Place    | Note
-------+----------+-------------------------------------------
     0 | D:1      | Falco the Naga Hunter began the quest for the Orb.
     0 | D:1      | Reached XP level 1. HP: 19/19 MP: 1/1
   315 | D:1      | Reached skill level 4 in Crossbows
   315 | D:1      | Reached XP level 2. HP: 26/26 MP: 2/2
   379 | D:1      | HP: 1/26 [jackal (2)]
   381 | D:1      | Slain by a jackal

Vault maps used:
D:1:      ldierk_water_garden, serial_park_tiny_pond

Skill      XL: |  1 |
---------------+----+-----
Crossbows      | 4 |  4.3
Fighting       | |  2.1
Dodging        | |  1.5
Stealth        | |  1.5

Action                   || total
-------------------------++-------
Melee: Short sword       ||     4
 Fire: Hand crossbow     ||    36
 Abil: Spit Poison       ||     2
Armor: Leather armour    ||    12
Dodge: Dodged            ||    23

Table legend:
 A = Spawn XP
 B = Non-spawn XP
 C = Spawn XP percentage of total XP
 D = Spawn monster count
 E = Non-spawn monster count
 F = Spawn count percentage of total count
 G = Total turns spent on level
                    A         B        C        D         E        F      G
               +---------+---------+-------+---------+---------+-------+---------
         Total |       0 |      31 |   0.0 |       0 |      17 |   0.0 |   381
               +---------+---------+-------+---------+---------+-------+---------
           D:1 |       0 |      31 |   0.0 |       0 |      17 |   0.0 |   381
               +---------+---------+-------+---------+---------+-------+---------
